 Dungeon Crawl Stone Soup version 0.31.0-9-g3a7656b989 (webtiles) character file.

Game seed: 13602904089796144294

87 qw the Shooter (level 4, -1/22 HPs)
             Began as a Spriggan Hunter on Feb 2, 2024.
             Succumbed to an adder's poison
             ... on level 2 of the Dungeon.
             The game lasted 00:00:03 (1230 turns).

qw the Shooter (Spriggan Hunter)                    Turns: 1230, Time: 00:00:04

Health: -1/22      AC:  2    Str:  7    XL:     4   Next: 28%
Magic:  5/5        EV: 20    Int: 10    God:
Gold:   85         SH:  0    Dex: 20    Spells: 3/3 levels left

rFire   . . .        a - +0 shortbow
rCold   . . .        (shield currently unavailable)
rNeg    . . .        c - +0 robe
rPois   .            (helmet restricted)
rElec   .            (no cloak)
rCorr   .            (gloves unavailable)
SInv    +            (boots unavailable)
Will    .....        (no amulet)
Stlth   ++           (no ring)
HPRegen 0.23/turn    (no ring)
MPRegen 0.09/turn

%: no passive effects
@: lethally poisoned (-1 -> -3), very quick
A: very small, no large weapons, unfitting armour, see invisible, speed 3
a: no special abilities


You were on level 2 of the Dungeon.
You visited 1 branch of the dungeon, and saw 2 of its levels.

You collected 85 gold pieces.


Innate Abilities, Weirdness & Mutations

You are very small and have problems with some larger weapons.
You are too small for most types of armour.
You have supernaturally acute eyesight. (SInv)
You cover ground extremely quickly. (Speed+++)


   Skills:
 - Level 1.5 Fighting
 - Level 5.0 Ranged Weapons
 + Level 4.7 Dodging
 - Level 1.5 Stealth


You had 3 spell levels left.
You didn't know any spells.
Your spell library was empty.

Inventory:

Hand Weapons
 a - a +0 shortbow (weapon)
Armour
 c - a +0 robe (worn)
Scrolls
 g - a scroll of silence {unknown}
 i - a scroll of enchant armour {unknown}
Potions
 b - a potion of invisibility {unknown}
 d - a potion of haste
 e - a potion of ambrosia {unknown}
 f - a potion of heal wounds {unknown}
 h - a potion of enlightenment {unknown}
 j - a potion of lignification {unknown}

Dungeon Overview and Level Annotations

Branches:
Dungeon (2/15)

Altars:


Message History

The adder barely misses you. The goblin hits you with a +0 dagger.
You shoot an arrow.
The arrow hits the adder but does no damage.
The adder bites you. The goblin hits you but does no damage.
The adder bites you.
You shoot an arrow. The arrow hits the adder.
The adder is lightly wounded.
The goblin closely misses you. The adder bites you but does no damage.
You shoot an arrow. The arrow barely misses the adder.
The adder closely misses you. The goblin misses you.
The adder completely misses you. The goblin misses you.
You shoot an arrow. The arrow hits the adder.
The adder is heavily wounded.
The adder completely misses you. The goblin barely misses you.
You shoot an arrow. The arrow closely misses the adder.
The adder bites you.
You are poisoned.
The adder poisons you! The goblin hits you with a +0 dagger.
The adder bites you.
You are more poisoned.
The adder poisons you!
You shoot an arrow. The arrow closely misses the adder.
You feel sick. The adder completely misses you.
The goblin hits you but does no damage.
A giant cockroach comes into view.
You shoot an arrow. The arrow hits the adder.
You kill the adder!
You feel sick. The goblin misses you.
The giant cockroach waves its antennae.
You shoot an arrow. The arrow hits the hobgoblin!
You kill the hobgoblin!
You feel sick. The goblin misses you.
The goblin unwields a +0 dagger.
The goblin wields a +0 sling.
The goblin shoots a sling bullet.
The sling bullet hits you.
You shoot an arrow. The arrow misses the goblin.
You feel sick. The goblin closely misses you.
The goblin shoots a sling bullet.
The sling bullet misses you.
You shoot an arrow.
The arrow hits the goblin but does no damage.
You die...

##.###### '#.
.<#....# ...
####.#.##.# ....
....#.##.##gB...
..###.....g)$gK....
.......###@#
#....##'## ##
#....#...# .#
#...%....# ### .#
#...#....#
###########.. .#
#...#....#
#.........'.. .#
#...#....#
#.#########.. .#
#...#....# #.# #..
.#############....#
#.#########..


You could see a giant cockroach, 3 goblins and a kobold.

Vanquished Creatures
  Robin (D:2)
  3 adders (D:2)
  A ribbon worm (D:2)
  4 ball pythons
  4 endoplasms
  A giant cockroach (D:1)
  5 goblins (D:2)
  5 hobgoblins
  3 quokkas
  9 bats
  5 frilled lizards
  4 kobolds (D:1)
  A rat (D:1)
46 creatures vanquished.

Notes
Turn   | Place    | Note
-------+----------+-------------------------------------------
     0 | D:1      | qw the Spriggan Hunter began the quest for the Orb.
     0 | D:1      | Reached XP level 1. HP: 10/10 MP: 2/2
     0 | D:1      | 0 ||| qw: Version: 0.3-a-155-g5e7d8dd
     0 | D:1      | 0 ||| qw: Game counter: 1808
     0 | D:1      | 0 ||| qw: Melee chars always use a shield: true
     0 | D:1      | 0 ||| qw: God list: Okawaru
     0 | D:1      | 0 ||| qw: Allow faded altars: false
     0 | D:1      | 0 ||| qw: Do Orc after clearing Dungeon:15 true
     0 | D:1      | 0 ||| qw: Do second Lair branch before Depths: true
     0 | D:1      | 0 ||| qw: Lair rune preference: random
     0 | D:1      | 0 ||| qw: Goals: Normal
     0 | D:1      | 0 ||| PLANNING D:1-11
    27 | D:1      | Reached skill level 3 in Dodging
   160 | D:1      | Reached XP level 2. HP: 14/14 MP: 3/3
   716 | D:1      | 716 ||| READING scroll labelled OCACEFFIXO.
   716 | D:1      | 716 ||| IDENTIFYING silvery potion
   717 | D:1      | 717 ||| READING scroll labelled QAFUEF APNIY.
   718 | D:1      | 718 ||| DROPPING scroll of butterflies.
   833 | D:2      | Reached XP level 3. HP: 18/18 MP: 4/4
  1094 | D:2      | Reached skill level 5 in Ranged Weapons
  1207 | D:2      | Noticed Robin
  1217 | D:2      | Killed Robin
  1218 | D:2      | Reached XP level 4. HP: 20/22 MP: 5/5
  1227 | D:2      | HP: 4/22 [poisoned by an adder]
  1229 | D:2      | HP: 1/22 [poisoned by an adder]
  1230 | D:2      | Succumbed to an adder's poison

Levels and vault maps discovered:
D:1:      dpeg_arrival_shelter, layout_loops_corners, st_stairs_1
D:2:      cheibrodos_helix_gallery, layout_basic, uniq_robin

Skill      XL: |  1  2  3 |
---------------+----------+-----
Dodging        | 3 4 |  4.7
Ranged Weapons | 5 |  5.0
Fighting       | |  1.5
Stealth        | |  1.5

Action                     |  1- 3 |  4- 6 || total
---------------------------+-------+-------++-------
   Fire: Shortbow          |   103 |    13 ||   116
    Use: Scroll            |     2 |       ||     2
 Armour: Robe              |    11 |    11 ||    22
  Dodge: Dodged            |    36 |    17 ||    53

Table legend:
 A = Non-vault XP
 B = Vault XP
 C = Vault XP percentage of total XP
 D = Non-vault monster count
 E = Vault monster count
 F = Vault count percentage of total count
                 A         B        C        D         E       F
            +---------+---------+-------+---------+---------+-------
      Total |      91 |      34 |  27.2 |      35 |      11 |  23.9
            +---------+---------+-------+---------+---------+-------
        D:1 |      33 |       4 |  10.8 |      22 |       2 |   8.3
        D:2 |      58 |      30 |  34.1 |      13 |       9 |  40.9
            +---------+---------+-------+---------+---------+-------
